 Dungeon Crawl Stone Soup version 0.26.0-10-g1f06aea511 (webtiles) character file.

Game seed: 28594262593850092

320 Borgoz the Slasher (level 6, -2/51 HPs)
             Began as a Ghoul Gladiator on Jan 15, 2021.
             Slain by Edmund
             ... wielding a +2 dire flail of protection
              (15 damage)
             ... on level 4 of the Dungeon.
             The game lasted 00:03:51 (3689 turns).

Borgoz the Slasher (Ghoul Gladiator)                Turns: 3689, Time: 00:03:51

Health: -2/51      AC:  6    Str: 17 (18) XL:     6   Next: 46%
Magic:  5/5        EV: 12    Int:  2 (3)  God:
Gold:   145        SH:  0    Dex: 11 (12) Spells: 5/5 levels left

rFire    . . .     SeeInvis +   a - +0 long sword
rCold    + . .     Faith    .   (no shield)
rNeg     + + +     Spirit   .   j - +0 ring mail (curse)
rPois    ∞         Reflect  .   c - +0 helmet
rElec    .         Harm     .   (no cloak)
rCorr    .         Rampage  .   (no gloves)
Will     .....                  (no boots)
Stlth    +.........             (no amulet)
HPRegen  0.00/turn              p - ring of see invisible
MPRegen  0.09/turn              (no ring)

@: attractive
A: claws 1, cold resistance 1, negative energy resistance 3, inhibited
regeneration, torment resistance, unbreathing
a: no special abilities


You were on level 4 of the Dungeon.
You visited 1 branch of the dungeon, and saw 4 of its levels.

You collected 145 gold pieces.

Inventory:

Hand Weapons
 a - a +0 long sword (weapon)
Armour
 c - a +0 helmet (worn)
 j - a cursed +0 ring mail (worn)
Jewellery
 p - a ring of see invisible (left claw)
Scrolls
 e - 2 scrolls of remove curse {unknown}
 f - 2 scrolls of blinking {unknown}
 g - a scroll of immolation {unknown}
 h - 3 scrolls of teleportation {unknown}
 i - a scroll of fear {unknown}
 k - 6 scrolls of identify {unknown}
 n - a scroll of enchant weapon {unknown}
 r - 3 scrolls of enchant armour {unknown}
 u - a scroll of amnesia {unknown}
Potions
 b - a potion of resistance {unknown}
 o - a potion of attraction
 q - a potion of curing
 s - a potion of haste {unknown}
 t - a potion of might {unknown}


   Skills:
 + Level 3.4 Fighting
 * Level 4.2 Long Blades
 - Level 1.7 Throwing
 * Level 3.1 Armour
 + Level 3.5 Dodging


You had 5 spell levels left.
You didn't know any spells.
Your spell library was empty.

Dungeon Overview and Level Annotations

Branches:
Dungeon (4/15)
 Temple: D:4-7

Altars:
Ashenzari
Qazlal
Xom

Annotations:
D:4 Edmund


Innate Abilities, Weirdness & Mutations

You thrive by killing the living.
You are immune to poison.
You have sharp fingernails.
Your flesh is cold resistant. (rC+)
You are immune to negative energy. (rN+++)
You do not regenerate when monsters are visible.
You are immune to unholy pain and torment.
You can survive without breathing.


Message History

You feel attractive to monsters.
Edmund says, "People accused me of being a cutpurse!"
Edmund barely misses you.
You riposte.
You hit Edmund but do no damage.
Edmund is severely wounded.
It was a potion of mutation.
You feel extremely strange.
Your body decomposes!
You feel weakened.
Your body decomposes!
You feel clumsy.
Your body decomposes!
You feel dopey.
Edmund hits you with a +2 dire flail of protection.
* * * LOW HITPOINT WARNING * * *
You hit Edmund but do no damage.
Edmund is severely wounded.
Edmund hits you with a +2 dire flail of protection.
* * * LOW HITPOINT WARNING * * *
It was a potion of curing.
You feel better.
Edmund hits you with a +2 dire flail of protection!
You die...

### ### #####.###.######
#.......#.......
###.###.#.#.###### ............#
###########....# #......#
#≈.....#..#....###### #......#.
#≈.@@.....#PP..#..(..
#......#..######.###..#....#.####
#......#.........#)## ###..#.#
#......##...........#...#.+#.###
.......#[...............#......#
.†.....#######..#########......#
.†.............................#
....<..........##..............#
###################.......)[...#


You could see Edmund.

Vanquished Creatures
  2 orc wizards (D:4)
  2 orc priests (D:3)
  Natasha (D:2)
  Terence (D:2)
  3 adders
  4 worms
  3 dart slugs
  2 leopard geckos
  9 orcs
  2 ball pythons
  9 bats
  6 giant cockroaches
  10 goblins
  6 hobgoblins
  17 jackals
  4 kobolds
  3 quokkas
  4 frilled lizards
  A leopard gecko skeleton (D:4)
  7 rats
96 creatures vanquished.

Notes
Turn   | Place    | Note
-------+----------+-------------------------------------------
     0 | D:1      | Borgoz the Ghoul Gladiator began the quest for the Orb.
     0 | D:1      | Reached XP level 1. HP: 17/17 MP: 0/0
   291 | D:1      | Reached XP level 2. HP: 24/25 MP: 1/1
   600 | D:1      | Found a shimmering altar of Xom.
   607 | D:1      | Reached skill level 3 in Long Blades
   656 | D:1      | Reached skill level 1 in Armour
   690 | D:1      | Reached XP level 3. HP: 28/30 MP: 2/2
  1215 | D:2      | Found a stormy altar of Qazlal.
  1365 | D:2      | Noticed Natasha
  1381 | D:2      | Killed Natasha
  1382 | D:2      | Reached XP level 4. HP: 12/37 MP: 3/3
  1608 | D:2      | Noticed Terence
  1618 | D:2      | Killed Terence
  2005 | D:3      | Reached XP level 5. HP: 42/44 MP: 4/4
  2511 | D:3      | Found a broken altar of Ashenzari.
  2793 | D:3      | Reached skill level 4 in Long Blades
  2894 | D:3      | Reached XP level 6. HP: 50/51 MP: 5/5
  3658 | D:4      | Noticed Edmund
  3688 | D:4      | HP: 2/51 [Edmund/+2 dire flail of protection (5)]
  3689 | D:4      | Slain by Edmund

Illustrated notes

Levels and vault maps discovered:
D:1:      minmay_arrival_plants_in_alcoves, layout_loops_ring, xom_teletrap_fun
D:2:      layout_loops_corners, lemuel_crystal_altar, uniq_natasha, uniq_terence
D:3:      layout_loops_corners, nicolae_overflow_hidden_temple, grunt_decor_cap,
          minmay_mini_jars
D:4:      kb_forest_paths, layout_basic, serial_shops, shop, shop,
          nicolae_shop_behind_doors, nicolae_shop_trees, shop,
          sigmund_edmund_badplayer

Skill      XL: |  1  2  3  4  5  6 |
---------------+-------------------+-----
Long Blades    | 3 4 |  4.2
Armour         | 1 2 3 |  3.1
Dodging        | 3 |  3.5
Fighting       | 3 |  3.4
Throwing       | |  1.7

Action                   |  1- 3 |  4- 6 || total
-------------------------+-------+-------++-------
Melee: Long sword        |   104 |   222 ||   326
Throw: Throwing net      |       |     4 ||     4
  Use: Potion            |       |     5 ||     5
 Stab: Invisible         |       |     3 ||     3
       Held in net/web   |       |     2 ||     2
Armor: Leather armour    |     4 |       ||     4
       Ring mail         |    41 |   104 ||   145
Dodge: Dodged            |    90 |   158 ||   248
       Rpst.: Long sword |    39 |    50 ||    89
